 Dungeon Crawl Stone Soup version 0.29.1-15-g9cfb28693d (webtiles) character file.

Game seed: 15839724074795259597

396 Peloso the Slasher (level 6, -1/53 HPs)
             Began as a Minotaur Fighter on Mar 12, 2023.
             Slain by an adder (3 damage)
             ... on level 4 of the Dungeon.
             The game lasted 00:07:24 (3672 turns).

Peloso the Slasher (Minotaur Fighter)               Turns: 3672, Time: 00:07:25

Health: -1/53      AC: 12    Str: 31    XL:     6   Next: 52%
Magic:  5/5        EV: 11    Int:  1    God:
Gold:   198        SH:  5    Dex: 11    Spells: 5/5 levels left

rFire   . . .      SeeInvis .   b - +3 short sword "Minotaur's Curse" {vorpal, Str+4}
rCold   . . .      Faith    .   d - +0 buckler
rNeg    + . .      Spirit   .   l - +0 plate armour of the Eleven Invaders {rN+ Str+6 Int-4}
rPois   .          Reflect  .   (helmet restricted)
rElec   .          Harm     .   (no cloak)
rCorr   .          Rampage  .   (no gloves)
Will    .....                   (no boots)
Stlth   ..........              e - amulet of the acrobat
HPRegen 0.17/turn               p - ring of flight
MPRegen 0.09/turn               m - +4 ring of evasion

@: attractive, flying, hasted, very quick
A: horns 2, retaliatory headbutt
a: no special abilities


You were on level 4 of the Dungeon.
You visited 2 branches of the dungeon, and saw 6 of its levels.

You collected 198 gold pieces.

Inventory:

Hand Weapons
 a - a +0 long sword
 b - the +3 short sword "Minotaur's Curse" (weapon) {vorpal, Str+4}
   (You found it on level 3 of the Dungeon)

   It inflicts extra damage upon your enemies.
   Str:       It affects your strength (+4).
Armour
 c - a +0 scale mail of fire resistance
 d - a +0 buckler (worn)
 l - the +0 plate armour of the Eleven Invaders (worn) {rN+ Str+6 Int-4}
   (You found it on level 2 of the Dungeon)

   Str:       It affects your strength (+6).
   Int:       It affects your intelligence (-4).
   rN:        It protects you from negative energy.
Jewellery
 e - an amulet of the acrobat (around neck)
 m - a +4 ring of evasion (right hand)
 p - a ring of flight (left hand)
 s - a ring of wizardry
Wands
 t - a wand of flame (11)
Scrolls
 g - a scroll of enchant weapon {unknown}
 h - 2 scrolls of enchant armour {unknown}
 i - a scroll of amnesia
 k - a scroll of blinking {unknown}
 n - a scroll of teleportation {unknown}
 q - 2 scrolls of butterflies {unknown}
 r - a scroll of magic mapping {unknown}
Potions
 f - a potion of might
 j - a potion of flight
 o - a potion of haste


   Skills:
 + Level 4.7 Fighting
 + Level 0.9(3.3) Short Blades
 + Level 5.5(5.6) Long Blades
 + Level 5.4 Armour
 + Level 1.2 Dodging
 + Level 0.4 Stealth
 + Level 4.5 Shields


You had 5 spell levels left.
You didn't know any spells.
Your spell library contained the following spells:

 Spells                   Type           Power      Damage    Failure   Level
 Shock                    Conj/Air       0%         1d3       100%        1
 Swiftness                Air            0%         N/A       100%        3
 Airstrike                Air            0%         2d(0-16)  100%        4


Dungeon Overview and Level Annotations

Branches:
Dungeon (5/15)             Temple (1/1) D:4

Altars:
Ashenzari
Dithmenos
Elyvilon
Fedhas
Gozag
Kikubaaqudgha
Nemelex Xobeh
Qazlal
Ru
Sif Muna
Trog
Uskayaw
Vehumet
Wu Jian
Yredelemnul
Zin
The Shining One

Shops:
D:1 [


Innate Abilities, Weirdness & Mutations

You have a pair of horns on your head.
You reflexively headbutt those who attack you in melee.


Message History

The orc priest hits you from afar with a +0 trident.
You closely miss the phantom.
The phantom is almost destroyed.
The orc priest looks braver for a moment.
The phantom hits you but does no damage.
You hit the phantom.
The phantom is almost destroyed.
The phantom barely misses you.
The orc priest calls down the wrath of Beogh upon you.
Beogh smites you!
* * * LOW HITPOINT WARNING * * *
You completely miss the phantom.
The phantom is almost destroyed.
The orc priest hits you from afar with a +0 trident.
* * * LOW HITPOINT WARNING * * *
The phantom hits you.
* * * LOW HITPOINT WARNING * * *
The phantom blinks!
You blink.
You block the orc's attack.
It was a potion of attraction.
You feel attractive to monsters. The adder closely misses you.
The phantom hits you.
* * * LOW HITPOINT WARNING * * *
The phantom blinks!
You blink.
Okay, then.
You feel yourself speed up. The phantom barely misses you.
You block the orc's attack. The orc is attracted toward you.
The adder is attracted toward you. The orc priest is attracted toward you.
The orc is attracted toward you. The orc is attracted toward you.
The adder is attracted toward you. The orc priest is attracted toward you.
The orc is attracted toward you. x2
There is a stone staircase leading up here.
The orc priest barely misses you. The adder bites you but does no damage.
You fly upwards.
There is a stone staircase leading down here.
The adder completely misses you. The orc is attracted toward you.
The adder is attracted toward you. The orc is attracted toward you.
You closely miss the adder. Your headbutt misses the adder.
The adder bites you.
You die...

.?.................# #..#~.#
.###.....##........# ##.##.#
.####..............# #....#
###....##..........# #÷####
...##.....#..!.....# #.###
###..#...##........# #...##
...#)[#..##........## #######....
###.#.#...#.....<...###~#~~≈#..#.
...#.#.##..#####@##.##≈.#~~.#~≈~.
.>.#[#.###.# #S##..#~≈#..~#~.~.
...#.#.#...# #o###.#♣~♣~.~♣..~.
###.#.#.########§# #..~~.~#♣.....
...#..#..# #..>§# #....~~~.~~~~#
###..#...####.#### #..~~~~~.~.~~#
..)##......##.# #..~~.~.~..#.#
###....###.##.#### ##..~.♣#♣~##♣#
##########.......###..#~~.#.##


You could see an adder and an orc.

Vanquished Creatures
  An ogre (D:4)
  A phantom (D:4)
  An orc priest (D:3)
  Ijyb (D:4)
  An iguana (D:4)
  3 gnolls
  5 adders
  2 worms
  A dart slug (D:2)
  4 orcs (D:3)
  12 ball pythons
  6 bats
  6 endoplasms
  4 giant cockroaches
  5 goblins
  10 hobgoblins
  5 kobolds
  6 frilled lizards
  5 rats
79 creatures vanquished.

Notes
Turn   | Place    | Note
-------+----------+-------------------------------------------
     0 | D:1      | Peloso the Minotaur Fighter began the quest for the Orb.
     0 | D:1      | Reached XP level 1. HP: 19/19 MP: 0/0
   112 | D:1      | Reached XP level 2. HP: 27/27 MP: 1/1
   243 | D:1      | Found Kanidd's Armour Emporium.
   861 | D:2      | Reached XP level 3. HP: 25/33 MP: 2/2
   974 | D:2      | Reached skill level 1 in Dodging
  1084 | D:2      | Reached XP level 4. HP: 39/40 MP: 3/3
  1253 | D:2      | Identified the +0 plate armour of the Eleven Invaders {rN+
                  | Str+6 Int-4}
  1347 | D:2      | Found a faded altar of an unknown god.
  2002 | D:3      | Reached XP level 5. HP: 37/47 MP: 4/4
  2130 | D:3      | Identified the +3 short sword "Minotaur's Curse" {vorpal,
                  | Str+4}
  2502 | D:4      | Noticed a phantom
  2520 | D:4      | Found a staircase to the Ecumenical Temple.
  2522 | D:4      | Killed a phantom
  2523 | D:4      | Reached skill level 5 in Long Blades
  2523 | D:4      | Reached skill level 5 in Armour
  2531 | Temple   | Entered the Ecumenical Temple
  2790 | D:4      | Noticed an ogre
  2796 | D:4      | Killed an ogre
  2797 | D:4      | Reached XP level 6. HP: 32/53 MP: 5/5
  3408 | D:4      | Noticed Ijyb
  3423 | D:4      | Killed Ijyb
  3637 | D:5      | Entered Level 5 of the Dungeon
  3662 | D:5      | HP: 1/53 [phantom (3)]
  3672 | D:4      | Slain by an adder

Illustrated notes

Levels and vault maps discovered:
D:1:      eino_arrival_cavern_b, layout_basic, serial_shops,
          nicolae_diamond_shop, minmay_misc_feat_roman
D:2:      layout_basic, hellmonk_ecumenical_altar_inner_sanctum
D:3:      layout_loops_cross
D:4:      layout_rooms, minmay_temple_entry_steel_oval, serial_rivers,
          chequers_serial_rivers_micro_e, chequers_serial_rivers_small_3,
          chequers_serial_rivers_large_b, chequers_serial_rivers_micro_d,
          chequers_serial_rivers_room_b, chequers_serial_rivers_marsh,
          minivault_11, hex_medium, minmay_strange_pillars, uniq_ijyb
D:5:      layout_loops_ring, mainiacjoe_overflow_six_doors_small, serial_shops,
          nicolae_shop_advertising_works [nicolae_subvault_shop_adworks],
          lightli_ossuary_entry_decrepit_ruins
Temple:   bh_familiar_temple

Skill      XL: |  1  2  3  4  5 |
---------------+----------------+-----
Armour         | 4 5 |  5.4
Fighting       | 4 |  4.7
Long Blades    | 3 4 5 |  5.5
Dodging        | 1 |  1.2
Shields        | 4 |  4.5
Short Blades   | |  0.9
Stealth        | |  0.4

Action                   |  1- 3 |  4- 6 || total
-------------------------+-------+-------++-------
Melee: Long sword        |    77 |    79 ||   156
       Headbutt          |    10 |    18 ||    28
       Short sword       |       |    66 ||    66
  Use: Scroll            |       |     5 ||     5
       Potion            |       |     2 ||     2
Armor: Scale mail        |    39 |     4 ||    43
       Plate armour      |       |    50 ||    50
Dodge: Dodged            |    45 |    57 ||   102
Block: Buckler           |    22 |    18 ||    40
